 Dungeon Crawl Stone Soup version 0.30-a0-4-ga7cffc901d (webtiles) character file.

Game seed: 496733133955607197

630 drpainis the Caller (level 7, -3/45 (48) HPs)
             Began as a Merfolk Summoner on Aug 21, 2022.
             Slain by an orc priest
             ... wielding a +0 hand axe
              (4 damage)
             ... on level 4 of the Dungeon.
             The game lasted 00:12:29 (10090 turns).

drpainis the Caller (Merfolk Summoner)             Turns: 10090, Time: 00:12:29

HP:   -3/45 (48)    AC:  8    Str:  8    XL:     7   Next: 48%
MP:   0/12          EV: 13    Int: 17    God:
Gold: 240           SH:  0    Dex: 14    Spells: 6/15 levels left

rFire   . . .      SeeInvis .    i - +0 short sword
rCold   . . .      Faith    .    (no shield)
rNeg    . . .      Spirit   +    a - +0 robe
rPois   .          Reflect  .    n - +2 hat
rElec   .          Harm     .    (no cloak)
rCorr   .          Rampage  .    e - +0 pair of gloves
Will    .....                    s - +2 pair of boots
Stlth   ++........               d - amulet of guardian spirit
HPRegen 0.15/turn                (no ring)
MPRegen 0.13/turn                (no ring)

@: on berserk cooldown, slowed, drained, very slow
A: (nimble swimmer 2), mertail, deterioration 1, low MP 1, MP-powered wands,
sturdy frame 1
a: no special abilities


You were on level 4 of the Dungeon.
You visited 1 branch of the dungeon, and saw 5 of its levels.

You collected 240 gold pieces.

Inventory:

Hand Weapons
 i - a +0 short sword (weapon)
Missiles
 r - 2 throwing nets
Armour
 a - a +0 robe (worn)
 e - a +0 pair of gloves (worn)
 f - a +2 tower shield
 n - a +2 hat (worn)
 s - a +2 pair of boots (worn)
Jewellery
 d - an amulet of guardian spirit (around neck)
Wands
 t - a wand of paralysis (6)
Scrolls
 h - 6 scrolls of identify {unknown}
 j - a scroll of teleportation
 l - a scroll of magic mapping {unknown}
 p - a scroll of vulnerability {unknown}
 q - a scroll of immolation {unknown}
 u - a scroll of acquirement {unknown}
 v - a scroll of enchant armour {unknown}
Potions
 b - a potion of curing {unknown}
 c - a potion of might {unknown}
 m - a potion of berserk rage


   Skills:
 + Level 1.5 Fighting
 + Level 1.7 Short Blades
 + Level 3.4 Dodging
 + Level 3.5 Stealth
 + Level 1.2 Unarmed Combat
 + Level 4.7 Spellcasting
 + Level 0.6 Hexes
 + Level 6.1 Summonings


You had 6 spell levels left.
You knew the following spells:

 Your Spells              Type           Power      Damage    Failure   Level
a - Summon Small Mammal   Summ           96%        N/A       1%          1
b - Call Imp              Summ           24%        N/A       1%          2
c - Call Canine Familiar  Summ           24%        N/A       3%          3
d - Summon Guardian Gole  Hex/Summ       15%        N/A       11%         3

Your spell library contained the following spells:

 Spells                   Type           Power      Damage    Failure   Level
 Sandblast                Erth           8%         2d5       14%         1
 Passwall                 Tmut/Erth      3%         N/A       22%         2
 Summon Ice Beast         Ice/Summ       14%        N/A       38%         4
 Summon Lightning Spire   Summ/Air       14%        N/A       38%         4
 Frozen Ramparts          Ice            8%         1d2       41%         3
 Stone Arrow              Conj/Erth      8%         3d7       41%         3
 Ice Form                 Ice/Tmut       4%         N/A       82%         4
 Alistair's Intoxication  Tmut/Pois      2%         N/A       99%         5
 Borgnjor's Vile Clutch   Necr/Erth      2%         N/A       99%         5
 Eringya's Noxious Bog    Tmut/Pois      2%         N/A       100%        6


Dungeon Overview and Level Annotations

Branches:
Dungeon (5/15)
 Temple: D:4-7

Altars:
Cheibriados
Okawaru
Ru
Trog
Zin

Shops:
D:1 !   D:4 ?

Annotations:
D:3 Ijyb


Innate Abilities, Weirdness & Mutations

((You are very nimble when in or above water. (Stealth+, EV+, Speed+++)))
Your lower body shifts to a powerful aquatic tail in water.
Your body sometimes deteriorates upon taking damage.
Your magical capacity is low. (-10% MP)
You expend magic power (3 MP) to strengthen your wands.
Your movements are slightly less encumbered by armour. (ER -2)


Message History

You feel less encumbered by your armour.
The orc priest looks encouraged for a moment.
The orc priest hits you with a +0 hand axe.
* * * LOW HITPOINT WARNING * * *
Blink to where?
Press: ? - help, Dir - move target, f - you Are you sure you want to cancel this blink? [Y]es or [N]o only, please.
Are you sure you want to cancel this blink?
Blink to where?
Press: ? - help, Dir - move target, f - you Are you sure you want to cancel this blink? [Y]es or [N]o only, please.
Are you sure you want to cancel this blink?
Blink to where?
Press: ? - help, Dir - move target
Found a dazzling spear.
As you read the scroll labelled BUSAUBR OBRAUFFA, it crumbles to dust.
It was a scroll of blinking.
As you read the scroll of teleportation, it crumbles to dust.
You feel strangely unstable.
Your surroundings suddenly seem different.
An ogre and a hobgoblin come into view.
Found 16 gold pieces.
Unknown command.
The ogre shouts!
The hobgoblin shouts!
The orc priest shouts!
The orc priest miscasts a cantrip.
The ogre attacks as you move away! The ogre misses you.
The hobgoblin barely misses you.
The orc priest looks encouraged for a moment.
The ogre attacks as you move away! The ogre barely misses you.
The orc priest mumbles some strange prayers to Beogh against you.
Beogh smites you!
* * * LOW HITPOINT WARNING * * *
You hear an angry hiss.
The ogre closely misses you.
The hobgoblin hits you but does no damage.
The orc priest hits you with a +0 hand axe.
You die...

#.................#.......#.
#..........##.....#.#...#.#.
#....$.....#......# ......#.
#######.......# ..# ......#.
#.......# ..# ......#.
#.......#.#.# #...#.#.
#.........#.# ......#
#...gO#.###.# ....#
#.).o@#..##.## .⌠.#
#.....#..##).#######..
#.....#......l.......#
#......o..#.###..#####
#.....#.###.....)...#
##..................#
######.###.........# #
#.........# #.........##


You could see an ogre, an orc priest and a hobgoblin.

Vanquished Creatures
  A hound (D:4)
  2 adders (D:5)
  2 orcs
  5 bats
  2 endoplasms (D:1)
  2 goblins
  3 hobgoblins
  A quokka (D:1)
  A frilled lizard (D:2)
  2 kobolds
  2 rats
23 creatures vanquished.

Vanquished Creatures (collateral kills)
  A phantom (D:5)
  A scorpion (D:5)
  2 hounds (D:5)
  An orc priest (D:5)
  An iron imp (D:4)
  3 orc wizards
  3 gnolls (D:2)
  4 adders
  4 dart slugs
  7 orcs
  3 endoplasms
  3 giant cockroaches
  3 goblins
  3 hobgoblins
  4 jackals (D:4)
  4 kobolds
  3 quokkas
  2 ball pythons (D:1)
  A bat (D:1)
  3 frilled lizards
  3 rats
59 creatures vanquished.

Vanquished Creatures (others)
  An ice beast (D:5)
  An orc wizard (D:4)
  A fungus (D:5)
3 creatures vanquished.

Grand Total: 85 creatures vanquished

Notes
Turn   | Place    | Note
-------+----------+-------------------------------------------
     0 | D:1      | drpainis the Merfolk Summoner began the quest for the Orb.
     0 | D:1      | Reached XP level 1. HP: 13/13 MP: 3/3
   452 | D:1      | Found Cyxuareg's Distillery.
   458 | D:1      | Found a faded altar of an unknown god.
   632 | D:1      | Reached XP level 2. HP: 19/19 MP: 1/5
  1469 | D:1      | Learned a level 2 spell: Call Imp
  1953 | D:1      | Reached skill level 1 in Unarmed Combat
  2081 | D:1      | Reached XP level 3. HP: 24/24 MP: 3/6
  3394 | D:2      | Learned a level 3 spell: Call Canine Familiar
  4462 | D:2      | Reached XP level 4. HP: 30/30 MP: 7/7
  5261 | D:3      | Found a glowing silver altar of Zin.
  5411 | D:3      | Noticed Ijyb
  6510 | D:3      | Found a sacrificial altar of Ru.
  7107 | D:3      | Found a bloodstained altar of Trog.
  7332 | D:3      | Reached XP level 5. HP: 35/35 MP: 5/9
  7367 | D:3      | Learned a level 3 spell: Summon Guardian Golem
  8013 | D:4      | Found a snail-covered altar of Cheibriados.
  8042 | D:4      | Reached skill level 1 in Fighting
  8294 | D:4      | Found Faklerch's Magic Scroll Shoppe.
  8337 | D:4      | Reached skill level 5 in Summonings
  8375 | D:5      | Entered Level 5 of the Dungeon
  8375 | D:5      | Noticed a phantom
  8375 | D:5      | Found an iron altar of Okawaru.
  8433 | D:5      | Killed a phantom
  8434 | D:5      | Reached XP level 6. HP: 26/43 MP: 5/11
  8981 | D:5      | Reached skill level 1 in Short Blades
  9024 | D:5      | Reached XP level 7. HP: 48/48 MP: 2/13
  9624 | D:5      | Reached skill level 6 in Summonings
 10080 | D:4      | Gained mutation: Your body sometimes deteriorates upon
                  | taking damage. [potion of mutation]
 10080 | D:4      | Gained mutation: Your magical capacity is low. (-10% MP)
                  | [potion of mutation]
 10080 | D:4      | Gained mutation: You expend magic power (3 MP) to
                  | strengthen your wands. [potion of mutation]
 10080 | D:4      | Gained mutation: Your movements are slightly less
                  | encumbered by armour. (ER -2) [potion of mutation]
 10089 | D:4      | HP: 1/45 [orc priest/divine providence (10)]
 10090 | D:4      | Slain by an orc priest

Illustrated notes

Levels and vault maps discovered:
D:1:      kilobyte_arrival_exit_the_forest, layout_loops_cross,
          ebering_ecumenical_altar_webs, serial_shops, shop
D:2:      layout_basic, chequers_serial_rivers_micro_d
D:3:      layout_basic, mainiacjoe_overflow_24_doors, old_standard_altar,
          lightli_temple_of_fire, uniq_ijyb
D:4:      cheibrodos_pilgrimage, layout_rooms, chei_slow_surprise,
          minmay_temple_entry_proselytizer, serial_shops, shop_statue,
          nicolae_stop_n_shop_2, uniq_crazy_yiuf_cottage
D:5:      layout_basic, mainiacjoe_overflow_chevrons, st_stairs_3, minivault_23

Skill      XL: |  1  2  3  4  5  6  7 |
---------------+----------------------+-----
Unarmed Combat | 1 |  1.2
Spellcasting   | 3 4 |  4.7
Fighting       | 1 |  1.5
Stealth        | 3 |  3.5
Summonings     | 5 6 |  6.1
Dodging        | 3 |  3.4
Short Blades   | 1 |  1.7
Hexes          | |  0.6

Action                   |  1- 3 |  4- 6 |  7- 9 || total
-------------------------+-------+-------+-------++-------
Melee: Unarmed           |    16 |       |       ||    16
       Punch             |     2 |     1 |       ||     3
       Short sword       |    22 |    44 |    39 ||   105
 Cast: Summon Small Mamm |    36 |    25 |     3 ||    64
       Call Imp          |    16 |    12 |     5 ||    33
       Call Canine Famil |       |    18 |     6 ||    24
       Summon Guardian G |       |     3 |     7 ||    10
  Use: Potion            |       |     1 |     4 ||     5
       Scroll            |       |       |     3 ||     3
 Stab: Sleeping          |     2 |     1 |     1 ||     4
       Distracted        |     1 |       |       ||     1
Armor: Robe              |    23 |    28 |    17 ||    68
Dodge: Dodged            |    34 |    40 |    71 ||   145

Table legend: (Time is in decaauts)
 A = Elapsed time spent in this place.
 B = Non-inter-level travel time spent in this place.
 C = Inter-level travel time spent in this place.
 D = Time resting spent in this place.
 E = Time spent auto-exploring this place.
 F = Levels seen in this place.
 G = Mean time per level.
                   A        B        C        D        E       F      G
               +--------+--------+--------+--------+--------+-----+--------+
         Total |  10095 |   9936 |    159 |   5861 |   2394 |   5 | 2019.0 |
       Dungeon |  10095 |   9936 |    159 |   5861 |   2394 |   5 | 2019.0 |
               +--------+--------+--------+--------+--------+-----+--------+

Top non-repeatable levels by time:
     D:2: 3043 daAuts
     D:1: 2719 daAuts
     D:3: 2207 daAuts
     D:5: 1363 daAuts
     D:4: 760 daAuts
